 Dungeon Crawl Stone Soup version 0.29.1-1-gd02db6906a (webtiles) character file.

Game seed: 8800239265270809476

2 GigaChad the Slasher (level 1, 0/18 HPs)
             Began as a Minotaur Gladiator on Sept 23, 2022.
             Killed from afar by a dart slug (2 damage)
             ... with a slug dart
             ... on level 1 of the Dungeon on Sept 26, 2022.
             The game lasted 00:01:00 (101 turns).

GigaChad the Slasher (Minotaur Gladiator)            Turns: 101, Time: 00:01:01

Health: 0/18       AC:  3    Str: 18    XL:     1   Next: 25%
Magic:  0/0        EV: 12    Int:  5    God:
Gold:   9          SH:  0    Dex: 11    Spells: 0/0 levels left

rFire   . . .      SeeInvis .   a - +0 long sword
rCold   . . .      Faith    .   (no shield)
rNeg    . . .      Spirit   .   b - +0 leather armour
rPois   .          Reflect  .   c - +0 hat
rElec   .          Harm     .   (no cloak)
rCorr   .          Rampage  .   (no gloves)
Will    .....                   (no boots)
Stlth   +.........              (no amulet)
HPRegen 0.06/turn               (no ring)
MPRegen 0.07/turn               (no ring)

@: no status effects
A: horns 2, retaliatory headbutt
a: no special abilities


You were on level 1 of the Dungeon.
You visited 1 branch of the dungeon, and saw 1 of its levels.

You collected 9 gold pieces.

Inventory:

Hand Weapons
 a - a +0 long sword (weapon)
Missiles
 d - 3 throwing nets (quivered)
 e - a javelin
Armour
 b - a +0 leather armour (worn)
 c - a +0 hat (worn)
Scrolls
 f - a scroll of teleportation {unknown}
 g - a scroll of acquirement {unknown}


   Skills:
 + Level 2.4 Fighting
 + Level 3.6 Long Blades
 + Level 2.0 Throwing
 + Level 3.4 Dodging


You couldn't memorise any spells.
You didn't know any spells.
Your spell library was empty.

Dungeon Overview and Level Annotations

Branches:
Dungeon (1/15)

Altars:


Innate Abilities, Weirdness & Mutations

You have a pair of horns on your head.
You reflexively headbutt those who attack you in melee.


Message History

The dart slug launches a dart at you. The slug dart hits you.
A hobgoblin comes into view.
A rat comes into view.
The hobgoblin shouts!
The dart slug launches a dart at you. The slug dart hits you.
The rat moves out of view.
You hit the dart slug.
The dart slug is moderately wounded.
The hobgoblin hits you. The dart slug launches a dart at you.
The slug dart hits you.
You hit the dart slug.
The dart slug is heavily wounded.
The hobgoblin misses you. The hobgoblin closely misses you.
You closely miss the hobgoblin. The dart slug bites you.
The hobgoblin hits you.
* * * LOW HITPOINT WARNING * * *
The hobgoblin misses you. You furiously retaliate!
You headbutt the hobgoblin.
You kill the hobgoblin!
You hit the rat.
You kill the rat!
The hobgoblin barely misses you. You furiously retaliate!
You headbutt the hobgoblin, but do no damage.
The dart slug launches a dart at you. The slug dart misses you.
The hobgoblin closely misses you. You furiously retaliate!
You headbutt the hobgoblin, but do no damage.
The dart slug bites you but does no damage.
Things that are here:
a rat corpse; a hobgoblin corpse The hobgoblin hits you.
* * * LOW HITPOINT WARNING * * *
The hobgoblin hits you.
* * * LOW HITPOINT WARNING * * *
You slash the hobgoblin!
You kill the hobgoblin!
The dart slug launches a dart at you. The slug dart hits you.
You die...

..... . ..... #.. ......
###.# ...... #...#
......##.#.#
...........########
..>...............#
.......@..........####
........w............###
.#................##...#
#.##..#......#######''#
#............#.........
...#..#......#.........
#.##..#.###..+.........
#. #..##############...
.. #.....('.....#...


You could see a dart slug.

Vanquished Creatures
  2 hobgoblins (D:1)
  A rat (D:1)
3 creatures vanquished.

Notes
Turn   | Place    | Note
-------+----------+-------------------------------------------
     0 | D:1      | GigaChad the Minotaur Gladiator began the quest for the
                  | Orb.
     0 | D:1      | Reached XP level 1. HP: 18/18 MP: 0/0
   101 | D:1      | Killed from afar by a dart slug

Illustrated notes

Levels and vault maps discovered:
D:1:      minmay_arrival_widening_spiral_wide, layout_rooms,
          serial_bayou_pond_b, minmay_crystal_room, st_stairs_3

Action                   || total
-------------------------++-------
Melee: Long sword        ||     5
Armor: Leather armour    ||     1
Dodge: Dodged            ||     6
